 Dungeon Crawl Stone Soup version 0.20.0-7-g3b7b877 (webtiles) character file.

94 Darkell the Chucker (level 4, -3/45 HPs)
             Began as an Ogre Hunter on May 29, 2017.
             Was an Initiate of Dithmenos.
             Slain by an ogre
             ... wielding a +0 giant club
              (19 damage)
             ... on level 3 of the Dungeon.
             The game lasted 00:05:29 (3790 turns).

Darkell the Chucker (Ogre Hunter)                   Turns: 3790, Time: 00:05:29

Health: -3/45      AC:  3    Str: 17    XL:     4   Next: 63%
Magic:  4/4        EV: 10    Int: 12    God:    Dithmenos [......]
Gold:   57         SH:  0    Dex:  9    Spells: 3/3 levels left

rFire    . . .     SeeInvis .   g - +0 club
rCold    . . .     Gourm    .   (no shield)
rNeg     . . .     Faith    .   b - +0 robe
rPois    .         Spirit   .   (helmet restricted)
rElec    .         Reflect  .   (no cloak)
rCorr    .         Harm     .   (gloves unavailable)
MR       .....                  (boots unavailable)
Stlth    +.........             (no amulet)
Regen    0.2/turn               (no ring)
MPRegen  0.1/turn               (no ring)

@: no status effects
A: unfitting armour, tough skin 1
a: Renounce Religion


You were on level 3 of the Dungeon.
You worshipped Dithmenos.
Dithmenos was noncommittal.
You were hungry.

You visited 1 branch of the dungeon, and saw 3 of its levels.

You collected 57 gold pieces.

Inventory:

Hand Weapons
 a - a +0 short sword
 g - a +0 club (weapon)
Missiles
 c - 3 large rocks (quivered)
 d - 2 throwing nets
Armour
 b - a +0 robe (worn)
Scrolls
 i - a scroll of teleportation {unknown}
 j - a scroll of enchant weapon {unknown}
 l - 6 scrolls of identify {unknown}
 n - a scroll of random uselessness {unknown}
 p - a scroll of remove curse {unknown}
Potions
 e - 3 potions of curing
 k - a potion of degeneration {unknown}
 m - 2 potions of mutation {unknown}
 o - a potion of flight {unknown}
 r - a potion of agility {unknown}
 s - 2 potions of heal wounds {unknown}
Comestibles
 f - a bread ration
 h - 3 fruits
 q - a royal jelly
 t - 2 chunks of flesh


   Skills:
 + Level 3.4 Fighting
 - Level 0.1 Short Blades
 + Level 1.2 Maces & Flails
 + Level 4.9 Throwing
 + Level 2.2 Dodging
 + Level 1.0 Stealth


You had 3 spell levels left.
You didn't know any spells.

Dungeon Overview and Level Annotations

Branches:
Dungeon (3/15)

Altars:
Ashenzari
Dithmenos
Kikubaaqudgha

Annotations:
D:3 Grinder; IcySystem's ghost, novice TeAE


Innate Abilities, Weirdness & Mutations

You are too large for most types of armour.
You have tough skin. (AC +1)


Message History

IcySystem's ghost casts a spell at you. The zap hits you!
IcySystem's ghost whispers, "Trust me.
Just give in."
IcySystem's ghost whispers, "The ORB doesn't exist."
IcySystem's ghost closely misses you.
The ogre shouts!
IcySystem's ghost casts a spell at you. The zap misses you.
IcySystem's ghost casts a spell at you. The zap misses you.
The ogre barely misses you. IcySystem's ghost casts a spell at you.
The zap hits you!
You are feeling hungry.
IcySystem's ghost is no longer moving quickly.
There is a stone staircase leading up here.
IcySystem's ghost gestures wildly while chanting.
IcySystem's ghost puts on a burst of speed!
The ogre hits you with a giant club!!
You die...

#.# ..# #.# #.#.. .. #.#.# #.
#.#.# #. #.###.#.# #.
#....@#.######### #.
#####O#.#.......# #.
###....#.#.#####.# #.
#....W...#.#####.#####.
#......................
#.#####.#......#.#####.#####.
#......>..................รท..
######.######.#.#####.#####.
#.# ..#.# #.# ##


You could see an ogre and IcySystem's ghost.

Vanquished Creatures
  3 adders (D:2)
  An ooze (D:3)
  4 worms (D:2)
  A dart slug (D:2)
  3 leopard geckos
  4 orcs (D:2)
  A giant cockroach (D:1)
  4 goblins
  5 hobgoblins
  A ball python (D:1)
  6 bats
  2 frilled lizards
  5 kobolds
  6 rats
46 creatures vanquished.

Notes
Turn   | Place    | Note
-------+----------+-------------------------------------------
     0 | D:1      | Darkell the Ogre Hunter began the quest for the Orb.
     0 | D:1      | Reached XP level 1. HP: 22/22 MP: 1/1
   110 | D:1      | Reached XP level 2. HP: 11/29 MP: 2/2
  1395 | D:2      | Reached XP level 3. HP: 27/36 MP: 3/3
  1693 | D:2      | Found a shadowy altar of Dithmenos.
  1813 | D:2      | HP: 1/36 [worm (8)]
  2618 | D:2      | Reached skill level 1 in Stealth
  2618 | D:2      | Reached XP level 4. HP: 44/45 MP: 4/4
  2641 | D:2      | Found a shattered altar of Ashenzari.
  2641 | D:2      | Found an ancient bone altar of Kikubaaqudgha.
  2809 | D:2      | Reached skill level 1 in Maces & Flails
  2918 | D:2      | Became a worshipper of Dithmenos the Shadowed
  2930 | D:3      | Noticed Grinder
  3598 | D:3      | Noticed IcySystem's ghost (novice TeAE)
  3659 | D:3      | Noticed an ogre
  3790 | D:3      | Slain by an ogre

Skill      XL: |  1  2  3  4 |
---------------+-------------+-----
Dodging        | 2 |  2.2
Fighting       | 3 |  3.4
Stealth        | 1 |  1.0
Maces & Flails | 1 |  1.2
Short Blades   | |  0.1
Throwing       | |  4.9

Action                   |  1- 3 |  4- 6 || total
-------------------------+-------+-------++-------
Melee: Short sword       |    15 |       ||    15
       Club              |   143 |    59 ||   202
Throw: Large rock        |    15 |     8 ||    23
  Use: Potion            |     1 |       ||     1
 Stab: Sleeping          |     1 |     1 ||     2
  Eat: Chunk             |     4 |     4 ||     8
       Fruit             |     1 |       ||     1
Armor: Robe              |    38 |    46 ||    84
Dodge: Dodged            |   118 |    72 ||   190
